 Dungeon Crawl Stone Soup version 0.27.0-1-g7a089689b8 (webtiles) character file.

Game seed: 17934107496878357101

88 seveneves the Covered (level 4, -2/40 HPs)
             Began as a Minotaur Fighter on Aug 4, 2021.
             Slain by Sigmund (5 damage)
             ... on level 2 of the Dungeon.
             The game lasted 00:02:58 (942 turns).

seveneves the Covered (Minotaur Fighter)             Turns: 942, Time: 00:02:59

Health: -2/40      AC: 13    Str: 22    XL:     4   Next: 30%
Magic:  12/12      EV:  4    Int:  5    God:
Gold:   17         SH:  9    Dex:  9    Spells: 3/3 levels left

rFire    . . .     SeeInvis .   a - +0 long sword
rCold    . . .     Faith    .   c - +0 kite shield
rNeg     . . .     Spirit   .   h - +0 plate armour
rPois    .         Reflect  .   (helmet restricted)
rElec    .         Harm     .   (no cloak)
rCorr    .         Rampage  .   g - +0 pair of gloves
Will     .....                  (no boots)
Stlth    ..........             (no amulet)
HPRegen  0.13/turn              i - ring of magical power
MPRegen  0.13/turn              (no ring)

@: mighty
A: horns 2, retaliatory headbutt
a: no special abilities


You were on level 2 of the Dungeon.
You visited 1 branch of the dungeon, and saw 2 of its levels.

You collected 17 gold pieces.

Inventory:

Hand Weapons
 a - a +0 long sword (weapon)
Armour
 c - a +0 kite shield (worn)
 g - a +0 pair of gloves (worn)
 h - a +0 plate armour (worn)
Jewellery
 i - a ring of magical power (left hand)
Wands
 j - a wand of flame (12)
Scrolls
 b - a scroll of enchant weapon {unknown}
 f - a scroll of amnesia {unknown}
 l - a scroll of identify {unknown}
 m - a scroll of teleportation {unknown}
Potions
 e - a potion of lignification {unknown}
 k - 2 potions of curing {unknown}


   Skills:
 + Level 4.1 Fighting
 + Level 3.3 Long Blades
 + Level 4.5 Armour
 + Level 0.6 Dodging
 + Level 4.4 Shields


You had 3 spell levels left.
You didn't know any spells.
Your spell library was empty.

Dungeon Overview and Level Annotations

Branches:
Dungeon (2/15)

Altars:

Annotations:
D:2 Sigmund


Innate Abilities, Weirdness & Mutations

You have a pair of horns on your head.
You reflexively headbutt those who attack you in melee.


Message History

Natasha screams in pain as she dies!
The ball python bites you but does no damage.
The ball python constricts you. Something hits you but does no damage.
You have reached level 4!
You feel stronger.
You hit the ball python. Your headbutt misses the ball python.
The ball python is moderately wounded.
You block the ball python's attack. The ball python constricts you.
Something hits you. The ball python barely misses you.
You riposte.
You barely miss the ball python.
The ball python is moderately wounded.
The ball python constricts you. Something hits you but does no damage.
You feel very mighty all of a sudden. You block the ball python's attack.
The ball python constricts you.
A magic dart appears from out of thin air!
The magic dart hits you.
You closely miss the ball python. You headbutt the ball python.
You kill the ball python!
Something hits you!
* * * LOW HITPOINT WARNING * * *
You see here a ball python corpse.
You hear some strange, mumbled words.
A magic dart appears from out of thin air!
The magic dart hits you but does no damage.
You see here 3 boomerangs.
You miss something.
You hear a splashing noise.
You hear a zap.
A puff of flame appears from out of thin air!
The puff of flame hits you!
* * * LOW HITPOINT WARNING * * *
You barely miss something. You headbutt something!
Something hits you but does no damage.
You barely miss something. Something hits you but does no damage.
You miss something.
You hear a zap.
A puff of flame appears from out of thin air!
The puff of flame hits you but does no damage.
You block something's attack.
You barely miss something. You headbutt something. Something hits you.
You die...

## ...###..###.. #.
..#..#...#..###. #.
⌠.#..#.⌠.#...... .# #.#
..#≈≈#...#.##.## ...
#.≈###≈≈≈≈###≈.##.#
....#..S≈≈≈≈≈≈≈≈≈..##.#
(....≈≈≈≈≈≈≈≈≈≈.....#
#.{###≈≈≈≈###≈..###
#@†.#≈≈#..(#..#
#.⌠$#..#.⌠.#..#
#...#..#...#..#
$.###....###...#
................#
#...############## ####


There were no monsters in sight!

Vanquished Creatures
  Natasha (twice) (D:2)
  An adder (D:2)
  3 dart slugs (D:1)
  A ball python (D:2)
  4 bats (D:1)
  2 endoplasms (D:1)
  A giant cockroach (D:2)
  2 goblins
  3 hobgoblins
  2 kobolds (D:1)
  2 frilled lizards (D:1)
  3 rats (D:1)
26 creatures vanquished.

Notes
Turn   | Place    | Note
-------+----------+-------------------------------------------
     0 | D:1      | seveneves the Minotaur Fighter began the quest for the Orb.
     0 | D:1      | Reached XP level 1. HP: 19/19 MP: 0/0
    95 | D:1      | Reached XP level 2. HP: 23/27 MP: 1/1
   755 | D:2      | Found a faded altar of an unknown god.
   756 | D:2      | Noticed Natasha
   763 | D:2      | Killed Natasha
   764 | D:2      | Reached XP level 3. HP: 26/33 MP: 2/2
   917 | D:2      | Noticed Sigmund
   921 | D:2      | Noticed Natasha
   932 | D:2      | Killed Natasha
   933 | D:2      | Reached XP level 4. HP: 21/40 MP: 3/3
   938 | D:2      | HP: 2/40 [something/puff of flame (7)]
   942 | D:2      | Slain by Sigmund

Illustrated notes

Levels and vault maps discovered:
D:1:      saegor_arrival_under_anarchy, layout_basic
D:2:      layout_basic, hellmonk_ecumenical_altar_blasted, st_stairs_4,
          fountainhead, uniq_sigmund, uniq_natasha

Skill      XL: |  1  2 |
---------------+-------+-----
Armour         | 4 |  4.5
Shields        | 4 |  4.4
Fighting       | 4 |  4.1
Long Blades    | 3 |  3.3
Dodging        | |  0.6

Action                   |  1- 3 |  4- 6 || total
-------------------------+-------+-------++-------
Melee: Long sword        |    54 |     7 ||    61
       Headbutt          |     9 |     3 ||    12
  Use: Potion            |       |     1 ||     1
Armor: Scale mail        |    20 |       ||    20
       Plate armour      |    16 |     5 ||    21
Dodge: Dodged            |    15 |     1 ||    16
Block: Kite shield       |    37 |     3 ||    40
       Rpst.: Long sword |     1 |     1 ||     2
